 Dungeon Crawl Stone Soup version 0.31-a0-1376-g36f0627844 (webtiles) character file.

Game seed: 13816055980014465905

34 Descartes the Digger (level 3, -2/24 HPs)
             Began as a Formicid Earth Elementalist on Dec 24, 2023.
             Slain by a gnoll
             ... wielding a +0 whip
              (6 damage)
             ... on level 2 of the Dungeon.
             The game lasted 00:02:24 (1435 turns).

Descartes the Digger (Formicid Earth Elementalist)  Turns: 1435, Time: 00:02:25

Health: -2/24      AC:  5    Str: 14    XL:     3   Next: 50%
Magic:  7/7        EV: 11    Int: 14    God:
Gold:   36         SH:  0    Dex: 14    Spells: 7/8 levels left

rFire   . . .        j - +3 lajatang
rCold   + . .        (no shield)
rNeg    . . .        c - +0 ring mail
rPois   .            (helmet unavailable)
rElec   .            (no cloak)
rCorr   .            (no gloves)
SInv    +            (no boots)
Will    .....        (no amulet)
Stlth   +            h - ring of protection from cold
HPRegen 0.24/turn    (no ring)
MPRegen 0.10/turn

%: no passive effects
@: no status effects
A: permanent stasis, dig shafts and tunnels, antennae 3, four strong arms
a: Dig, Shaft Self


You were on level 2 of the Dungeon.
You visited 1 branch of the dungeon, and saw 2 of its levels.

You collected 36 gold pieces.

Inventory:

Hand Weapons
 d - a +0 dagger
 j - a +3 lajatang (weapon)
Missiles
 l - 6 poisoned darts
Armour
 a - a +0 robe
 c - a +0 ring mail (worn)
Jewellery
 h - a ring of protection from cold (left hand)
 m - an amulet of regeneration
Scrolls
 e - a scroll of blinking {unknown}
 f - a scroll of enchant weapon {unknown}
 g - a scroll of fog {unknown}
 i - 2 scrolls of identify {unknown}
 n - a scroll of butterflies {unknown}
Potions
 b - a potion of magic
 k - a potion of mutation {unknown}


   Skills:
 - Level 1.7 Dodging
 - Level 2.4 Stealth
 + Level 3.1 Spellcasting
 + Level 4.5 Earth Magic
 - Level 1.3 Alchemy


You had 7 spell levels left.
You knew the following spells:

 Your Spells              Type           Power      Damage    Failure   Level
a - Sandblast             Erth           28%        2d8       7%          1

Your spell library contained the following spells:

 Spells                   Type           Power      Damage    Failure   Level
 Passwall                 Alch/Erth      8%         N/A       21%         2
 Stone Arrow              Conj/Erth      16%        3d8       45%         3
 Ensorcelled Hibernation  Hex/Ice        4%         N/A       54%         2
 Petrify                  Alch/Erth      10%        N/A       78%         4
 Brom's Barrelling Bould  Conj/Erth      8%         2d3       86%         4
 Swiftness                Air            Unusable   N/A       N/A         3

Dungeon Overview and Level Annotations

Branches:
Dungeon (2/15)

Altars:


Innate Abilities, Weirdness & Mutations

You cannot be hasted, slowed, berserked, paralysed or teleported.
You can dig through walls and to a lower floor.
You have a pair of large antennae on your head. (SInv)
Your four strong arms can wield two-handed weapons with a shield.


Message History

The blast of sand hits the gnoll but does no damage.
The gnoll is lightly wounded.
The gnoll closely misses you.
A gnoll comes into view. It is wielding a +0 spear.
The gnoll hits you with a +0 whip.
You closely miss the gnoll.
The gnoll is lightly wounded.
The gnoll shouts!
You hit the gnoll but do no damage.
The gnoll is lightly wounded.
The gnoll misses you. The gnoll hits you with a +0 whip.
The gnoll attacks as it pursues you! The gnoll hits you with a +0 whip.
Casting: Sandblast (safe; 7% risk of failure)
Confirm with . or Enter, or press ? or * to list all spells.
Aiming: Sandblast (safe; 7% risk of failure)
Press: ? - help, Shift-Dir - straight line, f/p - gnoll
Aim: a gnoll, wielding a +0 whip and wearing a +0 scale mail (lightly wounded, 87% to hit)
The blast of sand hits the gnoll but does no damage.
The gnoll is lightly wounded.
The gnoll barely misses you. x2; The gnoll hits you with a +0 whip.
The gnoll attacks as it pursues you! The gnoll barely misses you.
The gnoll attacks as it pursues you! The gnoll hits you but does no damage.
The gnoll attacks as it pursues you! The gnoll hits you with a +0 whip!
* * * LOW HITPOINT WARNING * * *
A gnoll comes into view. It is wielding a +0 spear.
The gnoll shouts!
The gnoll attacks as it pursues you! The gnoll barely misses you.
The gnoll attacks as it pursues you! The gnoll hits you with a +0 whip.
* * * LOW HITPOINT WARNING * * *
The gnoll attacks as it pursues you! The gnoll closely misses you.
The gnoll attacks as it pursues you! The gnoll misses you.
The gnoll attacks as it pursues you! The gnoll misses you.
The gnoll attacks as it pursues you! The gnoll hits you but does no damage.
There is a stone staircase leading down here.
The gnoll attacks as it pursues you! The gnoll hits you with a +0 whip!
* * * LOW HITPOINT WARNING * * *
The gnoll attacks as it pursues you! The gnoll barely misses you.
The gnoll attacks as it pursues you! The gnoll hits you with a +0 whip.
You die...

..# #.# ### ##.## #
##....#### #)<.# #####
........###...### .....
#....##.#.......# #.#.#
#...............# #.#.#
####...# #.#.......#
#.#.# #......#
#.###....##
#.#.###.###..###@###.>..#
.>.#......g.g..g......#.#
.#...##.###.####..#####.#
.#...##............# #.#
.#...######.####...####.#
.###.## #......รท....#.#
.##...## #..###...#....#
.#.....## #.............#
........###...##...#...##


You could see 3 gnolls.

Vanquished Creatures
  An adder (D:2)
  A dart slug (D:2)
  6 bats
  2 endoplasms (D:1)
  A giant cockroach (D:1)
  4 goblins
  A quokka (D:1)
  3 ball pythons (D:1)
  3 frilled lizards
  A kobold (D:1)
23 creatures vanquished.

Notes
Turn   | Place    | Note
-------+----------+-------------------------------------------
     0 | D:1      | Descartes the Formicid Earth Elementalist began the quest
                  | for the Orb.
     0 | D:1      | Reached XP level 1. HP: 13/13 MP: 3/3
   394 | D:1      | Reached XP level 2. HP: 19/19 MP: 2/5
   433 | D:1      | Reached skill level 4 in Earth Magic
   553 | D:1      | Found a faded altar of an unknown god.
  1110 | D:2      | Reached XP level 3. HP: 24/24 MP: 2/7
  1435 | D:2      | Slain by a gnoll

Illustrated notes

Levels and vault maps discovered:
D:1:      minmay_arrival_radiant_lines, layout_basic,
          chequers_ecumenical_altar_simple, corexii_corridor_pit
D:2:      layout_loops_ring

Skill      XL: |  1  2  3 |
---------------+----------+-----
Earth Magic    | 4 |  4.5
Spellcasting   | 3 |  3.1
Dodging        | |  1.7
Stealth        | |  2.4
Alchemy        | |  1.3

Action                     || total
---------------------------++-------
  Melee: Lajatang          ||     2
   Cast: Sandblast         ||    30
 Armour: Ring mail         ||    12
  Dodge: Dodged            ||    14

Table legend: (Time is in decaauts)
 A = Elapsed time spent in this place.
 B = Non-inter-level travel time spent in this place.
 C = Inter-level travel time spent in this place.
 D = Time resting spent in this place.
 E = Time spent auto-exploring this place.
 F = Levels seen in this place.
 G = Mean time per level.
                   A        B        C        D        E       F      G
               +--------+--------+--------+--------+--------+-----+--------+
         Total |   1449 |   1437 |     12 |      0 |   1219 |   2 |  724.5 |
       Dungeon |   1449 |   1437 |     12 |      0 |   1219 |   2 |  724.5 |
               +--------+--------+--------+--------+--------+-----+--------+

Top non-repeatable levels by time:
     D:1: 1114 daAuts
     D:2: 335 daAuts
